 Dungeon Crawl Stone Soup version 0.23.1 (webtiles) character file.

Game seed: 3268585160097977306

1857 Borgoz the Grappler (level 9, -1/53 (72) HPs)
             Began as a Ghoul Warper on Mar 7, 2019.
             Slain by a troll (14 damage)
             ... on level 8 of the Dungeon.
             The game lasted 00:10:36 (7724 turns).

Borgoz the Grappler (Ghoul Warper)                  Turns: 7724, Time: 00:10:37

HP:   -1/53 (72)    AC:  5    Str: 15    XL:     9   Next: 13%
MP:   11/11         EV: 14    Int:  8    God:
Gold: 301           SH:  0    Dex: 14    Spells: 10/12 levels left

rFire    . . .     SeeInvis .     - Unarmed
rCold    + . .     Gourm    .   (no shield)
rNeg     + + +     Faith    .   v - +2 leather armour {MR+}
rPois    ∞         Spirit   .   (no helmet)
rElec    .         Reflect  .   (no cloak)
rCorr    .         Harm     .   (no gloves)
MR       +....                  (no boots)
Stlth    +++.......             (no amulet)
HPRegen  0.00/turn              r - +3 ring of dexterity
MPRegen  0.12/turn              l - ring of stealth

@: rotting, hasted, very quick
A: rotting body, claws 1, carnivore, cold resistance 1, negative energy
resistance 3, inhibited regeneration, torment resistance, unbreathing
a: no special abilities


You were on level 8 of the Dungeon.
You were not hungry.

You visited 1 branch of the dungeon, and saw 8 of its levels.

You collected 301 gold pieces.

Inventory:

Hand Weapons
 e - a +3 dagger of venom
 i - a +2 short sword of venom
 j - a +0 dagger of draining
 m - a +0 blowgun
Missiles
 d - 5 tomahawks of dispersal (quivered)
 n - 2 curare-tipped needles
 o - 9 tomahawks
 q - 35 poisoned needles
Armour
 p - a +0 ring mail
 v - a +2 leather armour of magic resistance (worn)
Jewellery
 l - a ring of stealth (right claw)
 r - a +3 ring of dexterity (left claw)
 z - an uncursed ring of resist corrosion
Wands
 h - a wand of flame (36)
 s - a wand of acid (10)
 u - a wand of random effects (16)
 y - a wand of polymorph (12)
Scrolls
 a - 3 scrolls of random uselessness {unknown}
 c - a scroll of blinking
 g - 3 scrolls of immolation
 w - a scroll of remove curse
 B - a scroll of fear {unknown}
 D - a scroll of amnesia {unknown}
Potions
 k - 2 potions of heal wounds
 t - 3 potions of brilliance
 C - a potion of curing
Comestibles
 f - 11 rations


   Skills:
 + Level 4.5 Fighting
 - Level 0.8 Throwing
 + Level 5.0 Armour
 + Level 4.2 Dodging
 + Level 2.3 Stealth
 + Level 8.8 Unarmed Combat
 + Level 2.2 Spellcasting
 + Level 2.9 Translocations


You had 10 spell levels left.
You knew the following spells:

 Your Spells              Type           Power        Failure   Level  Hunger
a - Blink                 Tloc           N/A          19%         2    ###....

Your spell library contained the following spells:

 Spells                   Type           Power        Failure   Level  Hunger
 Shroud of Golubria       Chrm/Tloc      #.........   34%         2    ###....
 Gell's Gravitas          Tloc           #.........   36%         3    ####...
 Lesser Beckoning         Tloc           #.........   36%         3    ####...
 Teleport Other           Tloc           #.......     36%         3    ####...
 Sticks to Snakes         Tmut           #.......     54%         2    ###....
 Passage of Golubria      Tloc           N/A          77%         4    #####..
 Beastly Appendage        Tmut           Unusable     N/A         1    N/A
 Spider Form              Tmut/Pois      Unusable     N/A         3    N/A
 Ice Form                 Ice/Tmut       Unusable     N/A         4    N/A
 Blade Hands              Tmut           Unusable     N/A         5    N/A

Dungeon Overview and Level Annotations

Branches:
Dungeon (8/15)
 Temple: D:4-7         Lair: D:8-11

Altars:
Cheibriados
Dithmenos
Hepliaklqana
Kikubaaqudgha
Makhleb
Qazlal
Ru
Xom
Yredelemnul


Innate Abilities, Weirdness & Mutations

Your body is rotting away.
You thrive on raw meat.
You are immune to poison.
You have sharp fingernails.
You are carnivorous and can eat meat at any time.
Your flesh is cold resistant. (rC+)
You are immune to negative energy. (rN+++)
You do not regenerate when monsters are visible.
You are immune to unholy pain and torment.
You can survive without breathing.


Message History

You closely miss the centaur. You claw the centaur.
The centaur is severely wounded.
The centaur barely misses you. The centaur hits you!
You claw the centaur!
The centaur is almost dead.
The centaur closely misses you.
You scratch the centaur but do no damage.
The centaur is almost dead.
The centaur hits you. The centaur barely misses you.
You scratch the centaur but do no damage.
The centaur is almost dead.
The centaur barely misses you. The centaur closely misses you.
You scratch the centaur.
You kill the centaur!
You feel yourself speed up. The troll bites you! The troll claws you. x2
* * * LOW HITPOINT WARNING * * *
You scratch the troll.
The troll is lightly wounded.
The troll bites you!
You die...

#.# ##+## #<# ##...##
#[#### ##.....##
###....# . ##.......##
##÷.....#
..#.........####)......#
..'.........'..[....#.##
#.........###########
#..T@(..## #..........#
#.##.....#..#
...#....#..#
#....#..#...#
#....###....# #... ....#
..# ....#


You could see a troll.

Vanquished Creatures
  Prince Ribbit (D:7)
  A sky beast (D:5)
  An ice beast (D:6)
  An ogre (D:7)
  A black bear (D:8)
  2 centaurs
  A bullfrog (D:6)
  A gnoll sergeant (D:6)
  3 scorpions
  A water moccasin skeleton (D:7)
  2 howler monkeys (D:4)
  5 crimson imps
  A hound (D:4)
  A gnoll shaman (D:6)
  3 orc wizards
  2 orc priests
  Ijyb (D:3)
  Natasha (thrice) (D:4)
  2 worker ants
  A howler monkey zombie (D:6)
  12 gnolls
  An adder (D:3)
  An adder skeleton (D:4)
  2 dart slugs
  22 orcs
  2 ball pythons
  4 giant cockroaches
  9 goblins
  5 hobgoblins
  7 quokkas
  2 bats
  5 frilled lizards
  9 kobolds
  6 rats
121 creatures vanquished.

Vanquished Creatures (others)
  A human (D:4)
1 creature vanquished.

Grand Total: 122 creatures vanquished

Notes
Turn   | Place    | Note
-------+----------+-------------------------------------------
     0 | D:1      | Borgoz the Ghoul Warper began the quest for the Orb.
     0 | D:1      | Reached XP level 1. HP: 17/17 MP: 2/2
   338 | D:1      | Reached XP level 2. HP: 21/24 MP: 3/3
   802 | D:1      | Learned a level 2 spell: Blink
   831 | D:1      | Reached skill level 1 in Armour
   838 | D:1      | Reached XP level 3. HP: 21/30 MP: 5/5
  1247 | D:2      | Reached skill level 3 in Unarmed Combat
  1486 | D:2      | Reached XP level 4. HP: 31/37 MP: 6/6
  2047 | D:3      | Reached XP level 5. HP: 35/42 MP: 7/7
  2106 | D:3      | Found a burning altar of Makhleb.
  2106 | D:3      | Noticed a cacodemon
  2131 | D:3      | Noticed an orange demon
  2131 | D:3      | Noticed a hellwing
  2206 | D:3      | Found a snail-covered altar of Cheibriados.
  2216 | D:3      | Found a shadowy altar of Dithmenos.
  2235 | D:3      | Reached skill level 4 in Unarmed Combat
  2261 | D:3      | Found a shimmering altar of Xom.
  2261 | D:3      | Found a sacrificial altar of Ru.
  2263 | D:3      | Found a basalt altar of Yredelemnul.
  2263 | D:3      | Found an ancient bone altar of Kikubaaqudgha.
  2266 | D:3      | Found a stormy altar of Qazlal.
  2300 | D:3      | Found a burning altar of Makhleb.
  2330 | D:3      | Noticed Ijyb
  2373 | D:3      | Killed Ijyb
  2833 | D:4      | Reached XP level 6. HP: 31/51 MP: 8/8
  2983 | D:4      | Reached skill level 5 in Unarmed Combat
  3202 | D:4      | Noticed Natasha
  3209 | D:4      | Killed Natasha
  3386 | D:4      | Found an ancient bone altar of Kikubaaqudgha.
  3387 | D:4      | Noticed a human
  3389 | D:4      | Killed a human
  3673 | D:4      | Noticed Natasha
  3684 | D:4      | Killed Natasha
  3684 | D:4      | Reached XP level 7. HP: 40/57 MP: 9/9
  3713 | D:4      | Noticed Natasha
  3721 | D:4      | Killed Natasha
  3769 | D:5      | Entered Level 5 of the Dungeon
  3855 | D:5      | Reached skill level 6 in Unarmed Combat
  4286 | D:5      | Found a hazy altar of Hepliaklqana.
  5729 | D:7      | Reached XP level 8. HP: 62/62 MP: 10/10
  5745 | D:7      | Noticed Prince Ribbit
  5760 | D:7      | Killed Prince Ribbit
  5760 | D:7      | Reached skill level 1 in Stealth
  5760 | D:7      | Reached skill level 7 in Unarmed Combat
  6148 | D:7      | Noticed a two-headed ogre
  6261 | D:6      | HP: 3/66 [gnoll/+0 spear (5)]
  6824 | D:6      | Noticed a yak
  6828 | D:6      | Noticed a yak
  6831 | D:6      | Noticed a yak
  6831 | D:6      | Noticed a yak
  6834 | D:6      | Noticed a yak
  7271 | D:5      | Reached skill level 8 in Unarmed Combat
  7517 | D:7      | Reached XP level 9. HP: 21/57 MP: 11/11
  7538 | D:8      | Reached skill level 5 in Armour
  7717 | D:8      | Noticed a troll
  7724 | D:8      | Slain by a troll

Skill      XL: |  1  2  3  4  5  6  7  8  9 |
---------------+----------------------------+-----
Dodging        | 2 3 4 |  4.2
Spellcasting   | 2 |  2.2
Armour         | 1 2 3 4 5 |  5.0
Unarmed Combat | 3 4 5 6 8 |  8.8
Fighting       | 3 4 |  4.5
Stealth        | 2 |  2.3
Throwing       | |  0.8
Translocations | |  2.9

Action                   |  1- 3 |  4- 6 |  7- 9 || total
-------------------------+-------+-------+-------++-------
Melee: Unarmed           |    76 |   249 |   222 ||   547
       Punch             |       |     1 |    11 ||    12
  Use: Scroll            |     2 |     4 |     6 ||    12
       Potion            |     1 |       |     6 ||     7
 Stab: Sleeping          |       |       |     2 ||     2
  Eat: Chunk             |     5 |    18 |     9 ||    32
       Ration            |       |       |     1 ||     1
Armor: Leather armour    |    18 |    34 |    12 ||    64
       Ring mail         |       |    25 |    28 ||    53
Dodge: Dodged            |    38 |   167 |   126 ||   331
